 Dungeon Crawl Stone Soup version 0.30.1-4-g462c640d31 (webtiles) character file.

Game seed: 16876262043373996546

117 Wiggles the Chopper (level 4, -11/40 HPs)
             Began as a Minotaur Berserker on Sept 15, 2023.
             Was a Believer of Trog.
             Mangled by Sigmund
             ... wielding a +0 heavy scythe
              (15 damage)
             ... on level 3 of the Dungeon.
             The game lasted 00:02:40 (2151 turns).

Wiggles the Chopper (Minotaur Berserker)            Turns: 2151, Time: 00:02:41

Health: -11/40     AC:  6    Str: 23    XL:     4   Next: 71%
Magic:  3/3        EV: 11    Int:  4    God:    Trog [**....]
Gold:   97         SH:  0    Dex: 10    Spells: 3/3 levels left

rFire   . . .        a - +0 hand axe
rCold   . . .        (no shield)
rNeg    . . .        c - +0 ring mail
rPois   +            (helmet restricted)
rElec   .            h - +0 cloak {rPois}
rCorr   .            (no gloves)
SInv    .            (no boots)
Will    .....        (no amulet)
Stlth   +            (no ring)
HPRegen 0.26/turn    (no ring)
MPRegen 0.08/turn

%: no passive effects
@: on berserk cooldown, slowed, very slow
A: horns 2, retaliatory headbutt
a: Renounce Religion, Berserk, Trog's Hand


You were on level 3 of the Dungeon.
You worshipped Trog.
Trog was pleased with you.
You visited 1 branch of the dungeon, and saw 3 of its levels.

You collected 97 gold pieces.

Inventory:

Hand Weapons
 a - a +0 hand axe (weapon)
Armour
 c - a +0 ring mail (worn)
 h - a +0 cloak of poison resistance (worn)
Scrolls
 b - 3 scrolls of identify {unknown}
 d - a scroll of enchant armour {unknown}
 f - a scroll of blinking {unknown}
 j - a scroll of amnesia {unknown}
 m - a scroll of teleportation {unknown}
 n - a scroll of enchant weapon {unknown}
Potions
 e - a potion of attraction {unknown}
 g - 3 potions of curing {unknown}
 i - 2 potions of heal wounds {unknown}
 k - a potion of magic {unknown}
 l - a potion of mutation {unknown}


   Skills:
 + Level 4.2 Fighting
 + Level 5.4 Axes
 + Level 3.0 Armour
 + Level 2.7 Dodging
 + Level 0.7 Stealth


You had 3 spell levels left.
You didn't know any spells.
Your spell library was empty.

Dungeon Overview and Level Annotations

Branches:
Dungeon (3/15)

Altars:
Nemelex Xobeh

Shops:
D:1 [

Annotations:
D:3 1 runed translucent door, Arctor's ghost, amateur DrTm; Sigmund


Innate Abilities, Weirdness & Mutations

You have a pair of horns on your head.
You reflexively headbutt those who attack you in melee.


Message History

No target in view!
No target in view!
Sigmund the Dreaded comes into view.
He is wielding a +0 heavy scythe.
Sigmund shouts!
Found 15 gold pieces.
There is a stone staircase leading up here.
Sigmund gestures wildly while chanting.
Sigmund flickers and vanishes!
Deactivating autopickup; reactivate with Ctrl-A.
A red film seems to cover your vision as you go berserk!
You feel yourself moving faster!
You feel mighty!
You hear some strange, mumbled words.
You are confused.
You bump into the rock wall.
You feel a strong urge to attack something.
Something hits you but does no damage.
You bump into the rock wall.
You feel your anger nearly subside.
You are no longer berserk.
You are exhausted.
You feel yourself slow down.
You barely miss something. Something hits you but does no damage.
You bump into the rock wall.
Something completely misses you.
You bump into the rock wall.
You feel less confused.
You closely miss something. Something hits you!!
You closely miss something. You headbutt something.
You hear some strange, mumbled words.
Something tries to affect you, but you resist.
You miss something. Something hits you.
You slash something! Something hits you!
* * * LOW HITPOINT WARNING * * *
You miss something. You closely miss something.
You hear some strange, mumbled words.
A puff of flame appears from out of thin air!
The puff of flame hits you.
* * * LOW HITPOINT WARNING * * *
Something hits you!
You die...

# #..# # #.†#########$
############............
).............#####.....
#############...........
....# #.##<######
###.#########.##.# #
#...........##.# #
##############@# # #{# #
#.# # #.# #.# #.# #.#
#.#


There were no monsters in sight!

Vanquished Creatures
  5 adders
  3 worms
  2 dart slugs
  7 ball pythons
  2 endoplasms
  5 giant cockroaches
  3 hobgoblins
  10 jackals
  5 kobolds
  4 quokkas
  3 bats
  4 frilled lizards (D:1)
  A goblin (D:1)
  4 rats
58 creatures vanquished.

Notes
Turn   | Place    | Note
-------+----------+-------------------------------------------
     0 | D:1      | Wiggles the Minotaur Berserker began the quest for the Orb.
     0 | D:1      | Reached XP level 1. HP: 19/19 MP: 0/0
   155 | D:1      | Reached skill level 4 in Axes
   164 | D:1      | Reached XP level 2. HP: 15/27 MP: 1/1
   247 | D:1      | Found a faded altar of an unknown god.
   494 | D:1      | Found Guet's Antique Armour Emporium.
   506 | D:1      | Reached XP level 3. HP: 33/33 MP: 2/2
   506 | D:1      | Reached ** piety under Trog
   878 | D:2      | Reached skill level 5 in Axes
  1032 | D:2      | Found a sparkling altar of Nemelex Xobeh.
  1280 | D:2      | Reached XP level 4. HP: 39/40 MP: 3/3
  2002 | D:3      | Found a runed translucent door.
  2006 | D:3      | Noticed Arctor's ghost (amateur DrTm)
  2135 | D:3      | Noticed Sigmund
  2151 | D:3      | Mangled by Sigmund

Illustrated notes

Levels and vault maps discovered:
D:1:      lightli_arrival_windingriver, layout_basic, serial_shops, shop,
          chequers_ecumenical_altar_simple, minmay_ruptured
D:2:      layout_loops_corners, basic_altar, serial_co_window_serial,
          co_window_corner_a, co_window_corner_a, co_window_corner_a,
          co_window_paths_b, co_window_paths_a, co_window_paths_a,
          co_window_of_opportunity_b, co_window_2corner, co_window_corner_ca,
          co_window_paths_c, co_window_broadway_b, co_window_4corner_b,
          glass_columns_b, glass_columns_a, glass_columns_a, glass_columns_a,
          glass_columns_c
D:3:      layout_loops_ring, gammafunk_ghost_grave, uniq_sigmund

Skill      XL: |  1  2  3  4 |
---------------+-------------+-----
Axes           | 4 5 |  5.4
Fighting       | 4 |  4.2
Armour         | 3 |  3.0
Dodging        | |  2.7
Stealth        | |  0.7

Action                     |  1- 3 |  4- 6 || total
---------------------------+-------+-------++-------
  Melee: Hand axe          |    94 |    39 ||   133
         Headbutt          |    13 |     6 ||    19
 Invoke: Berserk           |       |     1 ||     1
 Armour: Animal skin       |     3 |       ||     3
         Ring mail         |    26 |    11 ||    37
  Dodge: Dodged            |    54 |    21 ||    75
